Map: Blueshift LE

Players

WiNdRiVeN - Winner!

  • Race: Zerg Zerg
  • League: Master
  • Spawn Location: 1:00

Meep

  • Race: Terran Terran
  • League: Master
  • Spawn Location: 7:00

VOD

Have the link to the VOD?

Description

Time

  • Played on: Oct. 20, 2018, 12:49 p.m.
  • Length: 19:41
Show
View Real Time Build Order
Export as new Build Order

WiNdRiVeN Zerg - Winner!

Build Orders: Hatch First, Lurkers 

Get SALT Encoding   

  12  0:00  Drone  
  13  0:12  Overlord  
  13  0:17  Drone  
  14  0:30  Drone  
  14  0:31  Drone  
  14  0:34  Drone  
  17  0:47  Drone  
  18  0:55  Hatchery  
  17  0:58  Drone  
  17  1:00  Extractor  
  17  1:13  Spawning Pool  
  17  1:16  Drone  
  17  1:21  Drone  
  18  1:35  Drone  
  18  1:38  Drone  
  20  1:53  Hatchery  
  19  1:58  Drone  
  19  2:01  Drone  
  21  2:09  Queen  
  21  2:11  Zergling x4  
  25  2:18  Metabolic Boost  
  25  2:20  Zergling x2  
  26  2:26  Overlord  
  25  2:31  Drone  
  25  2:34  Spore Crawler  
  26  2:45  Drone x3  
  26  2:50  Drone  
  26  2:51  Pneumatized Carapace  
  30  2:54  Drone  
  31  3:00  Drone  
  32  3:05  Queen  
  32  3:12  Drone x2  
  36  3:13  Drone  
  36  3:16  Drone x2  
  39  3:20  Drone x2  
  41  3:27  Overlord  
  41  3:28  Evolution Chamber  
  40  3:35  Queen  
  40  3:37  Overlord  
  42  3:46  Queen  
  42  3:47  Drone  
  42  3:48  Drone  
  46  3:49  Drone  
  46  3:50  Drone  
  46  3:52  Drone  
  46  3:53  Drone  
  46  3:55  Drone  
  51  3:57  Drone  
  51  4:00  Drone  
  51  4:01  Drone  
  51  4:02  Drone  
  52  4:13  Zerg Melee Weapons Level 1  
  52  4:15  Lair  
  52  4:16  Overlord x2  
  52  4:20  Zergling x4  
  54  4:24  Zergling x4  
  54  4:31  Zergling x2  
  57  4:36  Extractor  
  56  4:40  Hatchery  
  56  4:43  Baneling Nest  
  54  4:47  Zergling x14  
  57  4:58  Zergling x2  
  57  4:59  Zergling x8  
  44  5:10  Drone x6  
  44  5:12  Drone  
  51  5:19  Drone  
  52  5:27  Drone x2  
  54  5:29  Drone  
  54  5:34  Drone  
  54  5:35  Drone  
  56  5:41  Drone x3  
  58  5:45  Drone  
  58  5:46  Drone x5  
  63  5:53  Drone  
  63  5:55  Drone x2  
  61  6:04  Centrifical Hooks  
  59  6:05  Overlord x2, Extractor  
  59  6:06  Extractor, Drone  
  58  6:13  Zergling x12  
  64  6:21  Zerg Melee Weapons Level 2  
  64  6:22  Zergling x2  
  64  6:23  Zergling x6  
  68  6:27  Evolution Chamber  
  68  6:28  Drone  
  68  6:32  Drone x4  
  72  6:49  Overlord x3  
  72  6:50  Zergling x2  
  72  6:51  Zergling x12  
  79  6:55  Drone  
  79  6:56  Hydralisk Den, Drone  
  79  7:10  Zergling x12  
  79  7:11  Zergling x10  
  88  7:26  Muscular Augments  
  88  7:36  Hydralisk  
  88  7:37  Hydralisk x7  
  104  7:53  Extractor, Drone  
  104  7:54  Extractor  
  104  7:55  Overlord  
  104  7:56  Overlord x4  
  103  7:58  Overlord  
  103  8:02  Zerg Ground Armor Level 1  
  100  8:22  Drone x4  
  100  8:23  Drone  
  100  8:24  Drone x9  
  114  8:36  Hydralisk x2  
  114  8:37  Hydralisk x3  
  114  8:38  Grooved Spines  
  124  8:43  Zerg Missile Weapons Level 1  
  124  8:44  Overlord  
  124  9:00  Hatchery  
  122  9:09  Zergling x14  
  132  9:10  Zergling x16  
  135  9:17  Infestation Pit  
  130  9:43  Overlord x2  
  128  9:50  Hydralisk x6  
  140  9:56  Hive  
  140  10:05  Drone x2  
  142  10:09  Zerg Ground Armor Level 2  
  142  10:10  Lurker Den  
  141  10:15  Drone x16  
  141  10:16  Drone x2  
  158  10:30  Baneling x13  
  158  10:31  Zergling x2  
  158  10:32  Zergling x10  
  160  10:35  Baneling  
  160  10:36  Baneling x3  
  160  10:39  Zergling x2  
  160  10:40  Zergling x6  
  159  10:49  Zergling x20  
  156  10:50  Zergling x2  
  156  10:51  Baneling  
  156  10:52  Baneling  
  157  10:57  Zerg Missile Weapons Level 2  
  156  11:05  Zergling x8  
  156  11:08  Overlord x4  
  136  11:21  Zergling x2  
  136  11:22  Zergling x20  
  134  11:30  Baneling x4  
  130  11:41  Zergling x20  
  130  11:47  Zergling x4  
  111  11:55  Zergling x10  
  111  12:01  Adaptive Talons  
  116  12:03  Lurker x4  
  116  12:04  Lurker  
  116  12:05  Zergling x16  
  129  12:14  Baneling x7  
  129  12:15  Baneling x2  
  129  12:16  Hatchery  
  129  12:18  Zergling x2  
  129  12:19  Zergling x4  
  129  12:21  Hydralisk  
  129  12:22  Hydralisk  
  135  12:33  Hydralisk x4  
  142  12:48  Zergling x6  
  142  12:49  Hydralisk x5  
  139  13:04  Hydralisk x5  
  131  13:06  Zergling x2  
  131  13:07  Zergling x4  
  131  13:15  Hydralisk  
  131  13:16  Hydralisk x2  
  131  13:19  Lurker x2  
  137  13:20  Lurker  
  125  13:42  Extractor  
  125  13:43  Extractor  
  121  13:48  Lurker  
  121  13:49  Lurker x8  
  121  13:50  Hydralisk x6  
  121  13:52  Zergling x2  
  121  13:53  Zergling x2  
  136  14:03  Hydralisk  
  136  14:04  Hydralisk x3  
  122  14:18  Zergling x2  
  122  14:19  Zergling x18  
  120  14:35  Zergling x6  
  123  14:38  Queen  
  120  14:53  Hatchery  
  120  14:58  Zergling x12  
  110  15:05  Zerg Ground Armor Level 3  
  110  15:06  Zerg Missile Weapons Level 3  
  103  15:22  Viper x3  
  103  15:23  Spire  
  103  15:43  Viper  
  103  15:44  Viper  
  103  15:47  Zergling x2  
  103  15:48  Zergling x14  
  111  16:06  Extractor  
  111  16:09  Overseer  
  111  16:10  Extractor  
  109  16:12  Adrenal Glands  
  109  16:16  Hydralisk Den  
  108  16:22  Lurker x3  
  111  16:28  Lair  
  109  16:34  Zergling x24  
  109  16:35  Zergling x6  
  124  16:43  Greater Spire  
  124  16:48  Zergling x8  
  128  17:02  Queen  
  128  17:06  Hydralisk  
  128  17:07  Hydralisk x6  
  144  17:37  Baneling x4  
  144  17:38  Baneling x14  
  144  17:42  Zergling x2  
  144  17:43  Zergling x22  
  150  18:09  Hydralisk x5  
  150  18:11  Hydralisk  
  143  18:26  Hydralisk  
  131  18:27  Hydralisk x3  
  133  18:35  Corruptor  
  133  18:37  Drone  
  118  19:00  Corruptor x4  
  119  19:06  Hydralisk x2  
Show
View Real Time Build Order
Export as new Build Order

Meep Terran 

Build Orders: Liberator Opening, Reaper Expand, MMM Bio 

Get SALT Encoding   

  12  0:00  SCV  
  13  0:13  SCV  
  14  0:20  Supply Depot  
  14  0:25  SCV  
  15  0:41  SCV  
  16  0:42  Barracks  
  16  0:46  Refinery  
  16  0:53  SCV  
  17  1:05  SCV  
  18  1:17  SCV  
  19  1:30  Reaper, Orbital Command  
  20  1:39  Command Center  
  20  1:51  Supply Depot  
  20  1:52  Refinery  
  20  1:56  SCV  
  21  2:03  Marine  
  22  2:08  SCV  
  22  2:13  Factory  
  23  2:21  Barracks Reactor  
  23  2:22  SCV  
  24  2:34  SCV  
  24  2:46  SCV  
  25  2:52  Orbital Command  
  25  2:56  Starport  
  25  2:58  SCV  
  26  3:08  Hellion  
  26  3:10  SCV  
  26  3:11  Hellion  
  30  3:20  Liberator  
  30  3:24  Barracks Reactor  
  30  3:27  SCV  
  30  3:28  SCV  
  30  3:31  Hellion  
  30  3:32  Hellion  
  36  3:36  Supply Depot  
  36  3:39  SCV  
  40  3:41  SCV  
  41  3:52  Hellion, SCV  
  41  3:54  Hellion  
  46  3:58  SCV  
  46  4:00  Engineering Bay  
  47  4:04  Supply Depot, SCV  
  48  4:10  SCV  
  48  4:12  Marine x2  
  48  4:16  SCV  
  52  4:18  Barracks  
  52  4:22  SCV  
  53  4:26  Barracks  
  53  4:28  SCV  
  54  4:33  Factory Tech Lab  
  54  4:35  SCV  
  54  4:37  Marine x2  
  57  4:39  Medivac  
  57  4:41  Viking  
  57  4:42  SCV  
  62  4:59  SCV  
  58  5:06  Marine x2  
  56  5:07  Siege Tank  
  56  5:09  Terran Infantry Weapons Level 1  
  56  5:10  Barracks Tech Lab  
  56  5:11  SCV  
  54  5:15  Bunker  
  54  5:23  Medivac  
  56  5:28  Command Center  
  56  5:32  Marine  
  55  5:43  Marine  
  55  5:46  SCV  
  57  5:50  SCV  
  57  5:56  Marine  
  59  5:58  Supply Depot, SCV  
  59  5:59  Supply Depot  
  59  6:01  Barracks Reactor  
  59  6:03  Liberator  
  59  6:05  Barracks  
  59  6:07  Supply Depot, Barracks, Engineering Bay  
  59  6:08  Supply Depot  
  59  6:09  SCV  
  60  6:12  Armory, Marine  
  60  6:15  Barracks Tech Lab  
  61  6:24  Marine  
  65  6:31  Refinery x2  
  65  6:32  Supply Depot, Marine  
  66  6:34  SCV  
  66  6:37  Supply Depot  
  67  6:43  Stimpack, Marine x2  
  67  6:44  Marine x2  
  67  6:46  SCV  
  72  6:50  Orbital Command  
  72  6:54  Barracks Reactor  
  72  6:55  Barracks Reactor  
  72  7:01  Barracks, Marine x2  
  72  7:02  SCV, Barracks  
  72  7:03  Marine  
  72  7:07  Marine x2  
  79  7:08  SCV  
  79  7:12  Terran Infantry Weapons Level 2  
  79  7:19  Marine  
  79  7:20  Marine  
  79  7:21  Marine  
  80  7:24  Marine  
  80  7:27  Orbital Command  
  80  7:28  Marine  
  85  7:30  Siege Tank  
  85  7:34  SCV x2  
  87  7:37  Marine x2  
  87  7:41  Marine x2  
  87  7:42  Marine x4  
  87  7:44  Medivac x2  
  99  7:46  SCV, Marine  
  99  7:49  Bunker  
  99  7:51  Marine x2  
  102  7:53  SCV  
  102  7:55  Marine x2  
  106  7:59  Marine x2  
  106  8:00  Marine  
  106  8:01  SCV  
  110  8:06  Terran Infantry Armor Level 1, Marine  
  108  8:13  Marine x2  
  108  8:14  Marine  
  108  8:15  Marine x2, Barracks Tech Lab x2  
  108  8:18  Siege Tank  
  108  8:19  SCV  
  117  8:26  SCV  
  118  8:29  SCV, Refinery x2  
  118  8:31  Marine  
  118  8:32  Supply Depot, Marine  
  121  8:35  Marine  
  121  8:36  SCV  
  121  8:37  Marine  
  121  8:38  Marauder  
  124  8:44  Combat Shields  
  124  8:50  Marine  
  124  8:53  Marauder, Marine  
  124  8:54  Supply Depot, Marine x5  
  133  9:02  Marauder x2, Siege Tank  
  130  9:04  Marine  
  130  9:07  Marine  
  132  9:14  Marine  
  132  9:16  Marauder, Medivac, Marine  
  138  9:17  SCV  
  138  9:19  Missile Turret  
  138  9:22  Supply Depot  
  138  9:24  Supply Depot  
  138  9:25  Marine  
  138  9:26  Marine  
  138  9:28  Marine  
  138  9:29  Supply Depot, Marine  
  138  9:30  Supply Depot  
  136  9:31  Marine  
  136  9:33  Marine x2  
  136  9:34  Siege Tank  
  136  9:38  Marine x2  
  136  9:41  Marine  
  135  9:49  Marine x2  
  135  9:50  Marine  
  138  9:55  Factory  
  138  9:56  SCV  
  138  9:58  Factory  
  138  9:59  Marine x2  
  141  10:01  Marine x2  
  141  10:04  Marine x2  
  141  10:05  Marauder x2  
  141  10:06  Siege Tank  
  152  10:07  Marine  
  153  10:20  Marine  
  153  10:21  Marine x4  
  155  10:27  Marine x2  
  160  10:30  Marine  
  160  10:32  Marine  
  160  10:33  Marine  
  160  10:34  Marauder  
  165  10:38  Siege Tank  
  167  10:49  Marine x2  
  156  10:51  Marauder  
  156  10:52  Terran Infantry Armor Level 2, Liberator, Marine x2  
  156  10:53  Terran Infantry Weapons Level 3  
  156  10:56  Marine x3  
  163  10:58  Factory Tech Lab  
  163  10:59  Marine, Factory Tech Lab  
  163  11:00  Marine  
  163  11:01  Marauder  
  162  11:09  Medivac  
  134  11:19  Marine  
  134  11:21  Marine  
  134  11:22  Marine x3  
  133  11:26  Siege Tank  
  133  11:30  Siege Tank x2  
  136  11:39  Medivac  
  132  11:41  Marine  
  124  11:52  Medivac  
  104  11:58  Siege Tank  
  107  12:02  Siege Tank, Marine x4  
  114  12:09  Medivac, Marine  
  114  12:11  Marine  
  114  12:14  Marine  
  119  12:16  Marine  
  119  12:22  Medivac  
  122  12:23  Marine  
  122  12:24  Marauder  
  125  12:30  Marine x3  
  128  12:42  Marine x3  
  130  12:49  Marine  
  130  12:50  Marine x2  
  130  12:51  Marine  
  134  12:58  Liberator  
  134  12:59  Liberator  
  113  13:07  SCV  
  113  13:10  Marine  
  115  13:18  Marine x2  
  123  13:28  Marine  
  123  13:29  Marine  
  123  13:30  Marine x2  
  123  13:34  Marine  
  120  13:38  Marine x2  
  120  13:39  Siege Tank  
  123  13:45  Marine x2  
  123  13:46  Marine  
  126  13:49  Marine x2  
  128  13:59  Marine  
  128  14:00  Siege Tank  
  123  14:22  Siege Tank x2  
  125  14:32  Siege Tank  
  127  14:39  Missile Turret  
  127  14:40  Missile Turret  
  127  14:48  Marine x3  
  127  14:49  Marauder  
  132  14:57  Marine x2  
  108  15:00  Marine x2  
  108  15:03  Marine  
  108  15:04  Marine  
  108  15:17  Missile Turret  
  108  15:20  SCV  
  97  15:49  Orbital Command  
  97  15:51  Refinery  
  97  15:52  Refinery  
  97  15:54  Missile Turret  
  97  15:55  Missile Turret  
  97  15:59  Missile Turret  
  97  16:00  Missile Turret  
  97  16:04  Missile Turret, Terran Infantry Armor Level 3, Marine  
  97  16:06  Siege Tank  
  97  16:08  SCV  
  102  16:13  Liberator  
  102  16:14  SCV x2  
  102  16:17  Siege Tank  
  107  16:31  Thor  
  107  16:32  Marine  
  113  16:36  Marine x3  
  117  16:46  Thor  
  123  16:49  Terran Vehicle And Ship Armor Level 1  
  123  16:59  Bunker  
  123  17:00  Thor  
  129  17:23  Thor  
  129  17:29  Thor  
  140  17:39  Viking x2  
  140  17:43  Thor  
  149  17:51  Marine x3  
  133  18:10  Marine  
  96  18:13  Thor  
  96  18:14  Marine x7  
  75  18:35  Marine x5  
  75  18:36  Marauder x2  
  52  19:05  SCV  
  52  19:06  SCV  
  45  19:11  Marine x4  
  45  19:12  Marauder  
  57  19:18  SCV  
  57  19:21  SCV  
Tags
 
Add a new tag
Caveats
  • Supply blocks, unpowered buildings, or Contaminate may cause inaccurate times.
  • Supply counts are checked every 10 seconds.